 Dungeon Crawl Stone Soup version 0.29.1 (webtiles) character file.

Game seed: 10341234594620807256

33 masschaos23 the Sneak (level 3, -1/24 HPs)
             Began as an Octopode Brigand on Sept 13, 2022.
             Slain by a kobold
             ... wielding a +0 short sword
              (2 damage)
             ... on level 2 of the Dungeon.
             The game lasted 00:03:45 (1055 turns).

masschaos23 the Sneak (Octopode Brigand)            Turns: 1055, Time: 00:03:45

Health: -1/24      AC:  1    Str: 10    XL:     3   Next: 29%
Magic:  3/3        EV: 13    Int: 19    God:
Gold:   76         SH:  0    Dex: 15    Spells: 2/2 levels left

rFire   . . .      SeeInvis .   a - +2 dagger
rCold   . . .      Faith    .   (no shield)
rNeg    . . .      Spirit   .   (helmet restricted)
rPois   .          Reflect  .   (no amulet)
rElec   .          Harm     .   i - +6 ring of intelligence
rCorr   .          Rampage  .   f - ring of flight
Will    .....                   (no ring)
Stlth   ++++......              (no ring)
HPRegen 0.08/turn               (no ring)
MPRegen 0.08/turn               (no ring)
                                (no ring)
                                (no ring)

@: flying
A: almost no armour, amphibious, 8 rings, camouflage 1, gelatinous body 1,
(nimble swimmer 1), tentacles
a: no special abilities


You were on level 2 of the Dungeon.
You visited 1 branch of the dungeon, and saw 2 of its levels.

You collected 76 gold pieces.

Inventory:

Hand Weapons
 a - a +2 dagger (weapon)
Missiles
 b - 9 poisoned darts (quivered)
 c - 3 curare-tipped darts
 j - 9 stones
Jewellery
 f - a ring of flight (right tentacle)
 i - a +6 ring of intelligence (left tentacle)
Scrolls
 e - a scroll of fear {unknown}
Potions
 d - a potion of degeneration
 g - a potion of might


   Skills:
 + Level 2.1 Fighting
 + Level 2.1 Short Blades
 + Level 2.2 Throwing
 + Level 1.1 Dodging
 + Level 6.5 Stealth


You had 2 spell levels left.
You didn't know any spells.
Your spell library was empty.

Dungeon Overview and Level Annotations

Branches:
Dungeon (2/15)

Altars:


Innate Abilities, Weirdness & Mutations

You cannot wear most types of armour.
You are amphibious.
You can wear up to eight rings at the same time.
Your skin changes colour to match your surroundings (Stealth+).
Your rubbery body absorbs attacks. (AC +1, EV +1)
((You are camouflaged when in or above water. (Stealth+)))
You have tentacles for arms and can constrict up to eight enemies at once.


Message History

The helpless kobold fails to defend itself.
You impale the kobold!!
You kill the kobold!
You see here a +0 scale mail.
An orc comes into view. It is wielding a +0 flail.
A hobgoblin comes into view. It is wielding a +0 dagger.
A kobold comes into view. It is wielding a +0 short sword.
The hobgoblin shouts!
The hobgoblin hits you with a +0 dagger.
You barely miss the hobgoblin.
The orc shouts!
You grab the hobgoblin.
You constrict the hobgoblin, but do no damage.
You hit the hobgoblin.
The hobgoblin is heavily wounded.
You constrict the hobgoblin, but do no damage.
The hobgoblin hits you with a +0 dagger.
You hit the hobgoblin.
The hobgoblin is almost dead.
You constrict the hobgoblin.
You kill the hobgoblin!
You closely miss the orc. Your grab misses the orc.
The orc hits you with a +0 flail.
You barely miss the orc. Your grab misses the orc. The orc barely misses you.
You hit the orc. Your grab misses the orc.
The orc is heavily wounded.
The orc hits you with a +0 flail.
You barely miss the orc. Your grab misses the orc.
The orc is heavily wounded.
The orc hits you with a +0 flail.
You barely miss the orc. You grab the orc.
The orc is heavily wounded.
You constrict the orc. The orc hits you with a +0 flail.
* * * LOW HITPOINT WARNING * * *
The kobold hits you with a +0 short sword.
* * * LOW HITPOINT WARNING * * *
You hit the orc.
You kill the orc!
The kobold hits you with a +0 short sword.
You die...

#### ### ..... #..
.....########## #.#
..............# #.#
..............# #.#
......).......# #)#
......K@......# #.#.
..............# ###.#.
#####.........#####.....
#...................
#......[...#.####.##
########.#.....##...
#.#.#.#.##### #...#.#.#
#...#.#.#


You could see a kobold.

Vanquished Creatures
  A dart slug (D:1)
  An orc (D:2)
  2 bats
  2 endoplasms
  2 giant cockroaches (D:1)
  2 goblins (D:1)
  4 hobgoblins
  A jackal (D:1)
  2 kobolds
  2 quokkas (D:1)
  3 ball pythons
  4 frilled lizards (D:1)
  2 rats (D:1)
28 creatures vanquished.

Notes
Turn   | Place    | Note
-------+----------+-------------------------------------------
     0 | D:1      | masschaos23 the Octopode Brigand began the quest for the
                  | Orb.
     0 | D:1      | Reached XP level 1. HP: 14/14 MP: 1/1
    98 | D:1      | Reached XP level 2. HP: 19/19 MP: 2/2
   101 | D:1      | Reached skill level 6 in Stealth
   641 | D:1      | Reached XP level 3. HP: 15/24 MP: 3/3
  1054 | D:2      | HP: 1/24 [kobold/+0 short sword (2)]
  1055 | D:2      | Slain by a kobold

Illustrated notes

Levels and vault maps discovered:
D:1:      dpeg_arrival_central, layout_rooms, minmay_indecisive_spiral
D:2:      layout_basic, serial_shops, nicolae_shop_stone, minmay_ruptured

Skill      XL: |  1  2 |
---------------+-------+-----
Stealth        | 6 |  6.5
Fighting       | |  2.1
Short Blades   | |  2.1
Throwing       | |  2.2
Dodging        | |  1.1

Action                   || total
-------------------------++-------
Melee: Dagger            ||    55
       Tentacles         ||    10
       Constrict         ||    15
Throw: Dart              ||     4
  Use: Scroll            ||     2
 Stab: Sleeping          ||     5
Armor: Skin              ||     5
Dodge: Dodged            ||    28
